 Dungeon Crawl Stone Soup version 0.18.1-48-g4cf74bf (webtiles) character file.

301 RickumRackum the Caller (level 6, -5/32 HPs)
             Began as a Tengu Summoner on Sept 2, 2016.
             Was an Initiate of Dithmenos.
             Slain by RepoMan's ghost (11 damage)
             ... on level 4 of the Dungeon.
             The game lasted 00:33:09 (3019 turns).

RickumRackum the Caller (Tengu Summoner)            Turns: 3019, Time: 00:33:10

Health: -5/32      AC: 10    Str:  8    XL:     6   Next: 37%
Magic:  0/10       EV: 13    Int: 18    God:    Dithmenos [......]
Gold:   171        SH:  0    Dex: 14    Spells: 2 memorised, 4 levels left

rFire  . . .     SeeInvis .     l - +1 dagger (protect)
rCold  + . .     Gourm    .     u - +2 robe {rC+}
rNeg   . . .     Faith    .     (no shield)
rPois  .         Spirit   .     (helmet restricted)
rElec  .         Dismiss  .     g - +0 cloak
rCorr  .         Reflect  .     (no gloves)
SustAt .         Harm     .     (boots unavailable)
MR     .....                    (no amulet)
Stlth  ++........               (no ring)
                                (no ring)

@: not resistant to hostile enchantments, unstealthy
A: beak, talons 3, able to fly 1
a: Fly, Renounce Religion


You were on level 4 of the Dungeon.
You worshipped Dithmenos.
Dithmenos was noncommittal.
You were not hungry.

You visited 1 branch of the dungeon, and saw 4 of its levels.

You collected 171 gold pieces.

Inventory:

Hand Weapons
 l - a +1 dagger of protection (weapon)
 x - a +2 dagger of venom
 y - a +0 trident
Missiles
 a - 39 poisoned needles
 d - 127 stones (quivered)
 n - 59 sling bullets
 o - 50 bolts
 w - 37 arrows
Armour
 g - a +0 cloak (worn)
 u - a +2 robe of cold resistance (worn)
Scrolls
 e - 2 scrolls of immolation {unknown}
 p - a scroll of teleportation
 q - 2 scrolls of identify
 r - a scroll of magic mapping {unknown}
 s - a scroll of fear {unknown}
 t - a scroll of noise {unknown}
 v - a scroll of fog {unknown}
Potions
 k - a potion of ambrosia
 m - a potion of curing
 z - 2 potions of brilliance
Books
 b - a book of Callings

   Spells                             Type                      Level
   a - Summon Small Mammal            Summoning                    1
   b - Call Imp                       Summoning                    2
   c - Call Canine Familiar           Summoning                    3
   d - Summon Guardian Golem          Hexes/Summoning              3
   e - Summon Lightning Spire         Summoning/Air                4
   f - Summon Ice Beast               Ice/Summoning                4
Comestibles
 c - 3 bread rations
 f - a fruit
 h - a royal jelly


   Skills:
 + Level 2.5 Short Blades
 + Level 3.3 Dodging
 + Level 3.5 Stealth
 + Level 2.1 Spellcasting
 * Level 7.0 Summonings


You had 4 spell levels left.
You knew the following spells:

 Your Spells              Type           Power        Failure   Level  Hunger
b - Call Imp              Summ           ####....     1%          2    ###....
c - Call Canine Familiar  Summ           ####....     2%          3    ###....


Dungeon Overview and Level Annotations

Branches:
Dungeon (4/15)
 Temple: D:4-7

Altars:
Dithmenos
Gozag

Annotations:
D:4 RepoMan's ghost, amateur FoFi


Innate Abilities, Weirdness & Mutations

You have a beak for a mouth.
You have claws for feet.
You can fly.


Message History

RepoMan's ghost is almost destroyed.
Your crimson imp closely misses RepoMan's ghost.
You closely miss RepoMan's ghost. Your peck misses RepoMan's ghost.
RepoMan's ghost is almost destroyed.
RepoMan's ghost barely misses you.
Your crimson imp blinks!
Casting: Call Imp
Confirm with . or Enter, or press ? or * to list all spells.
A beastly little devil appears in a puff of flame.
RepoMan's ghost hits you but does no damage.
You hit RepoMan's ghost but do no damage.
Your kick misses RepoMan's ghost. Your peck misses RepoMan's ghost.
RepoMan's ghost is almost destroyed.
RepoMan's ghost misses you.
You hit RepoMan's ghost.
You claw RepoMan's ghost, but do no damage.
RepoMan's ghost is almost destroyed.
Your crimson imp blinks!
RepoMan's ghost hits you!
You die...

.# .# .#
.. ?######
.......
###.......
#@W§......
###.......
..%....
.....##
####.# #


You could see RepoMan's ghost.

Vanquished Creatures
  An orc priest (D:3)
  A worker ant (D:4)
  A giant gecko (D:1)
  2 hobgoblins
  A bat (D:2)
  4 rats
10 creatures vanquished.

Vanquished Creatures (collateral kills)
  Sigmund (D:2)
  The ghost of schammes the Digger, an amateur DDEE (D:3)
  An orc wizard (D:3)
  A worker ant (D:4)
  2 adders
  An ooze (D:1)
  3 worms
  A dart slug (D:1)
  7 orcs
  6 bats
  4 giant cockroaches
  7 goblins
  7 hobgoblins
  7 jackals (D:3)
  A quokka (D:3)
  2 ball pythons
  4 giant newts
  12 kobolds
  5 rats
73 creatures vanquished.

Grand Total: 83 creatures vanquished

Notes
Turn   | Place    | Note
--------------------------------------------------------------
     0 | D:1      | RickumRackum the Tengu Summoner began the quest for the Orb.
     0 | D:1      | Reached XP level 1. HP: 10/10 MP: 4/4
    48 | D:1      | Reached skill level 5 in Summonings
   434 | D:1      | Reached XP level 2. HP: 15/15 MP: 1/6
   486 | D:1      | Learned a level 2 spell: Call Imp
   966 | D:1      | Reached XP level 3. HP: 18/19 MP: 2/7
  1011 | D:1      | Learned a level 3 spell: Call Canine Familiar
  1268 | D:2      | Noticed Sigmund
  1279 | D:2      | Killed Sigmund
  1279 | D:2      | Reached skill level 1 in Short Blades
  1279 | D:2      | Reached skill level 6 in Summonings
  1279 | D:2      | Reached XP level 4. HP: 24/24 MP: 0/8
  1633 | D:2      | Gained mutation: You can fly. [Tengu growth]
  1633 | D:2      | Reached XP level 5. HP: 28/28 MP: 6/9
  1833 | D:3      | Noticed schammes's ghost (amateur DDEE)
  1866 | D:3      | Killed schammes's ghost
  2135 | D:3      | Reached XP level 6. HP: 24/32 MP: 2/10
  2513 | D:3      | Found an opulent altar of Gozag.
  2721 | D:3      | Found a shadowy altar of Dithmenos.
  2730 | D:3      | Became a worshipper of Dithmenos the Shadowed
  2970 | D:4      | Noticed RepoMan's ghost (amateur FoFi)
  2986 | D:4      | Reached skill level 7 in Summonings
  3019 | D:4      | Slain by RepoMan's ghost

Skill      XL: |  1  2  3  4  5  6 |
---------------+-------------------+-----
Summonings     | 5 6 7 |  7.0
Short Blades   | 1 2 |  2.5
Stealth        | 3 |  3.5
Dodging        | 3 |  3.3
Spellcasting   | |  2.1

Action                   |  1- 3 |  4- 6 || total
-------------------------+-------+-------++-------
Melee: Unarmed           |     5 |       ||     5
       Kick              |     3 |    11 ||    14
       Peck              |     4 |    15 ||    19
       Dagger            |    10 |    52 ||    62
 Cast: Summon Small Mamm |    18 |       ||    18
       Call Imp          |    17 |    27 ||    44
       Call Canine Famil |     3 |     8 ||    11
 Abil: Fly               |       |     1 ||     1
  Use: Potion            |     2 |     7 ||     9
       Scroll            |       |     5 ||     5
 Stab: Distracted        |       |     1 ||     1
  Eat: Chunk             |     3 |     7 ||    10
       Fruit             |       |     1 ||     1
Armor: Robe              |     8 |    19 ||    27
Dodge: Dodged            |    13 |    31 ||    44
